 Dungeon Crawl Stone Soup version 0.18.1-8-gdd0e5ea (webtiles) character file.

120 santipi the Slasher (level 5, -7/41 HPs)
             Began as a Human Fighter on June 7, 2016.
             Killed by nerve-wracking pain
             ... invoked by an orc priest
              (12 damage)
             ... on level 4 of the Dungeon.
             The game lasted 00:07:39 (1607 turns).

santipi the Slasher (Human Fighter)                 Turns: 1607, Time: 00:07:39

Health: -7/41      AC:  6    Str: 17 (18) XL:     5   Next: 25%
Magic:  5/5        EV:  7    Int:  5 (8)  God:
Gold:   86         SH:  9    Dex: 10 (12) Spells: 0 memorised, 4 levels left

rFire  . . .     SeeInvis .     a - +0 long sword
rCold  . . .     Gourm    .     b - +0 scale mail
rNeg   . . .     Faith    .     c - +1 shield
rPois  .         Spirit   .     (no helmet)
rElec  .         Dismiss  .     (no cloak)
rCorr  .         Reflect  .     (no gloves)
SustAt .         Harm     .     (no boots)
MR     .....                    (no amulet)
Stlth  ..........               (no ring)
                                (no ring)

@: not resistant to hostile enchantments, extremely unstealthy
A: no striking features
a: no special abilities


You were on level 4 of the Dungeon.
You were not hungry.

You visited 1 branch of the dungeon, and saw 4 of its levels.

You collected 86 gold pieces.

Inventory:

Hand Weapons
 a - a +0 long sword (weapon)
Armour
 b - a +0 scale mail (worn)
 c - a +1 shield (worn)
Jewellery
 p - a +6 ring of intelligence {unknown}
Scrolls
 e - 4 scrolls of identify
 l - a scroll of recharging
Potions
 d - 2 potions of might
 h - a potion of curing
 k - a potion of agility
 m - a potion of cancellation
 o - a potion of invisibility
Comestibles
 f - 4 bread rations
 g - a meat ration


   Skills:
 - Level 3.0 Fighting
 + Level 5.0 Long Blades
 - Level 3.0 Armour
 - Level 3.0 Shields


You had 4 spell levels left.
You didn't know any spells.

Dungeon Overview and Level Annotations

Branches:
Dungeon (4/15)
 Temple: D:4-7

Altars:


Message History

The orc priest is almost dead.
The orc priest calls down the wrath of Beogh upon you.
Beogh smites you!
* * * LOW HITPOINT WARNING * * *
The orc wizard hits you with a dagger.
* * * LOW HITPOINT WARNING * * *
You block the orc priest's attack.
Drink which item? (? for menu, Esc to quit)
You feel better.
The orc wizard hits you but does no damage.
You block the orc priest's attack.
Read which item? (? for menu, Esc to quit)
As you read the scroll labeled PEKUSI SILIUNYOTI, it crumbles to dust.
The scroll dissolves into smoke.
It was a scroll of fog.
You block the orc wizard's attack.
The orc priest hits you with a hand axe.
* * * LOW HITPOINT WARNING * * *
The orc priest calls down the wrath of Beogh upon you.
Pain shoots through your body!
You die...

##'## ##...##
##.....##
##.......##
#.........###
+.............
#..............
##.§§§....###.#
##.§@§.#.# #
##§oo##.# ##a##
.# #.# #o# #Z#
... ... ...


You could see a worker ant, an orc priest and an orc wizard.

Vanquished Creatures
  A worker ant (D:3)
  3 adders
  A shadow imp (D:4)
  An ooze (D:1)
  3 worms
  2 dart slugs (D:1)
  2 orcs
  A ball python (D:1)
  4 giant cockroaches
  2 hobgoblins (D:1)
  2 jackals (D:1)
  6 kobolds
  A quokka (D:3)
  5 bats
  A giant newt (D:1)
  7 goblins
  5 rats
47 creatures vanquished.

Notes
Turn   | Place    | Note
--------------------------------------------------------------
     0 | D:1      | santipi the Human Fighter began the quest for the Orb.
     0 | D:1      | Reached XP level 1. HP: 18/18 MP: 1/1
    88 | D:1      | Reached XP level 2. HP: 24/24 MP: 2/2
   137 | D:1      | Reached skill level 3 in Long Blades
   185 | D:1      | Reached XP level 3. HP: 8/29 MP: 3/3
   889 | D:2      | You fall through a shaft!
   912 | D:3      | Reached skill level 4 in Long Blades
   912 | D:3      | Reached XP level 4. HP: 34/35 MP: 4/4
  1205 | D:3      | Reached XP level 5. HP: 28/41 MP: 5/5
  1569 | D:4      | Reached skill level 5 in Long Blades
  1604 | D:4      | HP: 1/41 [orc wizard/dagger (3)]
  1607 | D:4      | Killed from afar by an orc priest

Skill      XL: |  1  2  3  4  5 |
---------------+----------------+-----
Long Blades    | 3 4 5 |  5.0
Fighting       | |  3.0
Armour         | |  3.0
Shields        | |  3.0

Action                   |  1- 3 |  4- 6 || total
-------------------------+-------+-------++-------
Melee: Long sword        |    90 |    81 ||   171
  Use: Scroll            |     5 |     3 ||     8
       Potion            |     1 |     7 ||     8
  Eat: Chunk             |       |     3 ||     3
Armor: Scale mail        |    36 |    26 ||    62
Dodge: Dodged            |    29 |    29 ||    58
Block: Shield            |    60 |    44 ||   104
